 Dungeon Crawl Stone Soup version 0.26-a0-639-g72c4674329 (webtiles) character file.

Game seed: 37854796430222189

130 Peloso the Skirmisher (level 4, -9/35 HPs)
             Began as a Demonspawn Fighter on Sept 18, 2020.
             Mangled by an ogre
             ... wielding a +0 giant club
              (17 damage)
             ... on level 4 of the Dungeon.
             The game lasted 00:07:29 (2197 turns).

Peloso the Skirmisher (Demonspawn Fighter)          Turns: 2197, Time: 00:07:30

Health: -9/35      AC: 11    Str: 17    XL:     4   Next: 90%
Magic:  4/4        EV:  7    Int:  9    God:
Gold:   189        SH:  9    Dex: 13    Spells: 3/3 levels left

rFire    + . .     SeeInvis .   a - +0 long sword
rCold    x . .     Faith    .   c - +0 kite shield
rNeg     . . .     Spirit   .   b - +0 scale mail
rPois    .         Reflect  .   (no helmet)
rElec    .         Harm     .   n - +0 cloak
rCorr    .         Rampage  .   l - +0 pair of gloves
MR       .....                  (no boots)
Stlth    ..........             (no amulet)
HPRegen  0.11/turn              f - ring of fire
MPRegen  0.09/turn              (no ring)

@: no status effects
A: molten scales 1
a: no special abilities


You were on level 4 of the Dungeon.
You visited 1 branch of the dungeon, and saw 4 of its levels.

You collected 189 gold pieces.

Inventory:

Hand Weapons
 a - a +0 long sword (weapon)
Armour
 b - a +0 scale mail (worn)
 c - a +0 kite shield (worn)
 l - a +0 pair of gloves (worn)
 n - a +0 cloak (worn)
Jewellery
 f - a ring of fire (left hand)
Scrolls
 g - 2 scrolls of blinking {unknown}
 h - 3 scrolls of identify {unknown}
 i - 3 scrolls of teleportation {unknown}
 j - 3 scrolls of remove curse {unknown}
 k - a scroll of amnesia {unknown}
 p - a scroll of magic mapping {unknown}
Potions
 d - 2 potions of might
 e - a potion of brilliance
 m - a potion of curing
 o - 4 potions of magic {unknown}
 q - a potion of resistance


   Skills:
 + Level 3.5 Fighting
 + Level 3.2 Long Blades
 + Level 3.1 Armour
 + Level 0.4 Dodging
 + Level 3.4 Shields


You had 3 spell levels left.
You didn't know any spells.
Your spell library was empty.

Dungeon Overview and Level Annotations

Branches:
Dungeon (4/15)
 Temple: D:4-7

Altars:
Nemelex Xobeh
Ru
Xom


Innate Abilities, Weirdness & Mutations

You are partially covered in molten scales. (AC +2)


Message History

You slash the worker ant!
You kill the worker ant!
You hit the ogre.
The ogre is lightly wounded.
You block the ogre's attack.
You hit the ogre but do no damage.
The ogre is lightly wounded.
You block the ogre's attack.
You slash the ogre!
The ogre is heavily wounded.
You block the ogre's attack. The ogre hits you with a +0 giant club!
You closely miss the ogre.
The ogre is moderately wounded.
The ogre hits you with a +0 giant club!!
Ouch! That really hurt!
* * * LOW HITPOINT WARNING * * *
You slash the ogre!
The ogre is severely wounded.
The ogre hits you with a +0 giant club!
You die...

#. ### #. #.#
#+##.#####.########
.........#.........#
.........#.#######.#
...............O@..#
........##.#########
........##.#
........##.#
........##.#
........##.#
........##.#
....######.### ....
#..<#


You could see an ogre.

Vanquished Creatures
  A worker ant (D:4)
  3 adders
  4 oozes
  A worm (D:2)
  A dart slug (D:1)
  3 leopard geckos
  2 orcs (D:3)
  4 bats
  3 giant cockroaches
  5 hobgoblins
  5 kobolds
  A quokka (D:2)
  A ball python (D:1)
  5 frilled lizards
  7 goblins
  7 rats
53 creatures vanquished.

Notes
Turn   | Place    | Note
-------+----------+-------------------------------------------
     0 | D:1      | Peloso the Demonspawn Fighter began the quest for the Orb.
     0 | D:1      | Reached XP level 1. HP: 18/18 MP: 1/1
    52 | D:1      | Gained mutation: You are partially covered in molten
                  | scales. (AC +2) [demonic ancestry]
    52 | D:1      | Reached XP level 2. HP: 16/24 MP: 2/2
   697 | D:2      | Reached XP level 3. HP: 28/29 MP: 3/3
  1213 | D:2      | Reached XP level 4. HP: 35/35 MP: 4/4
  1291 | D:2      | Found a shimmering altar of Xom.
  1545 | D:3      | Found a sacrificial altar of Ru.
  1951 | D:3      | Found a sparkling altar of Nemelex Xobeh.
  2175 | D:4      | Noticed an ogre
  2197 | D:4      | Mangled by an ogre

Illustrated notes

Levels and vault maps discovered:
D:1:      lemuel_arrival_behind_the_door_large, layout_rooms
D:2:      minmay_chambers_of_twos, layout_basic, xom_teletrap_fun
D:3:      layout_loops_cross, lemuel_round_altar,
          nemelex_xobeh_ov_fountains_minmay
D:4:      layout_basic, kennysheep_orc_chapel

Skill      XL: |  1  2  3  4 |
---------------+-------------+-----
Long Blades    | 2 3 |  3.2
Shields        | 3 |  3.4
Armour         | 3 |  3.1
Fighting       | |  3.5
Dodging        | |  0.4

Action                   |  1- 3 |  4- 6 || total
-------------------------+-------+-------++-------
Melee: Long sword        |   117 |    64 ||   181
  Use: Potion            |     5 |       ||     5
Armor: Scale mail        |    67 |    36 ||   103
Dodge: Dodged            |    33 |    21 ||    54
Block: Kite shield       |    65 |    22 ||    87
       Rpst.: Long sword |    10 |     5 ||    15

Table legend: (Time is in decaauts)
 A = Elapsed time spent in this place.
 B = Non-inter-level travel time spent in this place.
 C = Inter-level travel time spent in this place.
 D = Time resting spent in this place.
 E = Time spent auto-exploring this place.
 F = Levels seen in this place.
 G = Mean time per level.
                   A        B        C        D        E       F      G
               +--------+--------+--------+--------+--------+-----+--------+
         Total |   2260 |   2173 |     87 |     44 |   1574 |   4 |  565.0 |
       Dungeon |   2260 |   2173 |     87 |     44 |   1574 |   4 |  565.0 |
               +--------+--------+--------+--------+--------+-----+--------+

Top non-repeatable levels by time:
     D:3: 844 daAuts
     D:2: 730 daAuts
     D:1: 643 daAuts
     D:4: 42 daAuts
